 Dungeon Crawl Stone Soup version 0.31.0-12-g77e489cdc1 (webtiles) character file.

Game seed: 11683486849876482906

45 Gadfly the Caller (level 3, -4/20 HPs)
             Began as a Tengu Summoner on Feb 23, 2024.
             Slain by a gnoll
             ... wielding a +0 flail
              (8 damage)
             ... on level 2 of the Dungeon.
             The game lasted 00:02:42 (1057 turns).

Gadfly the Caller (Tengu Summoner)                  Turns: 1057, Time: 00:02:43

Health: -4/20      AC:  2    Str:  8    XL:     3   Next: 64%
Magic:  2/7        EV: 12    Int: 17    God:
Gold:   81         SH:  0    Dex: 14    Spells: 1/6 levels left

rFire   . . .        f - +0 mace
rCold   + . .        (no shield)
rNeg    . . .        a - +0 robe
rPois   .            (helmet restricted)
rElec   .            (no cloak)
rCorr   .            (no gloves)
SInv    .            (boots unavailable)
Will    .....        c - amulet of faith
Stlth   ++           (no ring)
HPRegen 0.23/turn    (no ring)
MPRegen 0.10/turn

%: acrobat, faith
@: inugami summoned
A: beak, talons 3, acrobatic, cold resistance 1
a: no special abilities


You were on level 2 of the Dungeon.
You visited 1 branch of the dungeon, and saw 2 of its levels.

You collected 81 gold pieces.

Inventory:

Hand Weapons
 f - a +0 mace (weapon)
Armour
 a - a +0 robe (worn)
Jewellery
 c - an amulet of faith (around neck)
Scrolls
 d - a scroll of fog
 e - a scroll of identify
 g - 2 scrolls of silence {unknown}
 j - a scroll of vulnerability {unknown}
Potions
 b - a potion of magic
 h - a potion of heal wounds {unknown}
 i - a potion of mutation


   Skills:
 + Level 1.1 Fighting
 + Level 2.8 Dodging
 - Level 2.0 Stealth
 + Level 2.3 Spellcasting
 + Level 0.2 Conjurations
 + Level 5.2 Summonings
 + Level 0.0 Air Magic
 + Level 1.0 Evocations


You had one spell level left.
You knew the following spells:

 Your Spells              Type           Power      Damage    Failure   Level
b - Call Imp              Summ           38%        N/A       3%          2
c - Call Canine Familiar  Summ           19%        N/A       7%          3

Your spell library contained the following spells:

 Spells                   Type           Power      Damage    Failure   Level
 Summon Small Mammal      Summ           76%        N/A       2%          1
 Sublimation of Blood     Necr           1%         N/A       28%         2
 Summon Blazeheart Golem  Fire/Summ      10%        N/A       54%         4
 Summon Lightning Spire   Summ/Air       10%        N/A       54%         4
 Summon Hydra             Summ           9%         N/A       100%        7


Dungeon Overview and Level Annotations

Branches:
Dungeon (2/15)

Altars:


Innate Abilities, Weirdness & Mutations

You have a beak for a mouth.
You have claws for feet.
You can magically evade attacks while moving or waiting.
Your flesh is cold resistant. (rC+)


Message History

The rat closely misses you. The gnoll barely misses you.
Your cerulean imp closely misses the rat.
A tiny devil pulls itself out of the air.
Your cerulean imp disappears in a puff of smoke!
The rat barely misses you. The gnoll hits you with a +0 whip.
You hit the rat.
You kill the rat!
Your cerulean imp hits the gnoll from afar with a -3 spear.
You barely miss the gnoll. Your kick misses the gnoll.
The gnoll is lightly wounded.
A gnoll comes into view. It is wielding a +0 spear.
Your cerulean imp barely misses the gnoll.
The gnoll hits you with a +0 flail. The gnoll barely misses you.
You are too injured to fight recklessly!
You are too injured to fight recklessly!
You are too injured to fight recklessly!
You are too injured to fight recklessly!
You are too injured to fight recklessly!
You are too injured to fight recklessly!
You are too injured to fight recklessly!
You are too injured to fight recklessly!
You are too injured to fight recklessly!
You are too injured to fight recklessly!
You are too injured to fight recklessly!
You are too injured to fight recklessly!
You are too injured to fight recklessly!
Unknown command.
Casting: Call Imp (safe; 3% risk of failure)
Confirm with . or Enter, or press ? or * to list all spells.
You call for your canine familiar and it appears with a howl!
Your cerulean imp barely misses the gnoll.
The gnoll closely misses you. The gnoll hits you with a +0 whip.
* * * LOW HITPOINT WARNING * * *
Unknown command.
Your cerulean imp hits the gnoll but does no damage.
It was a potion of mutation.
You feel extremely strange.
You feel resistant to cold.
Your cerulean imp hits the gnoll with a -3 spear.
The gnoll hits you with a +0 flail!
You die...

..##### #. ###.......
#.. #......... #...
#.[g....#
...###.......#
...#......# #.#.h...|#
#..gg....# ##.@.5#.##
#.###.>....# #[#
#.###..### .# #.# #.#
#...###.## #.# #.#
#.......## #.# #.#
##........## #.###.#
#..........#. #.##..#
#.......(....
#.##.#####............


You could see 3 gnolls, a friendly cerulean imp (summoned) and a friendly
inugami (summoned).

Vanquished Creatures
  2 dart slugs (D:1)
  2 endoplasms
  2 goblins
  2 hobgoblins
  2 jackals (D:1)
  3 ball pythons
  4 bats
  3 frilled lizards
  2 kobolds (D:1)
  6 rats
28 creatures vanquished.

Vanquished Creatures (collateral kills)
  2 endoplasms (D:1)
  A goblin (D:2)
  4 hobgoblins
  2 quokkas (D:1)
  A ball python (D:2)
  A frilled lizard (D:1)
11 creatures vanquished.

Grand Total: 39 creatures vanquished

Notes
Turn   | Place    | Note
-------+----------+-------------------------------------------
     0 | D:1      | Gadfly the Tengu Summoner began the quest for the Orb.
     0 | D:1      | Reached XP level 1. HP: 10/10 MP: 4/4
   112 | D:1      | Reached XP level 2. HP: 16/16 MP: 6/6
   115 | D:1      | Learned a level 2 spell: Call Imp
   318 | D:1      | Reached skill level 5 in Summonings
   462 | D:1      | Reached skill level 1 in Fighting
   483 | D:1      | Reached XP level 3. HP: 16/20 MP: 4/7
   494 | D:1      | Learned a level 3 spell: Call Canine Familiar
  1046 | D:2      | Reached skill level 1 in Evocations
  1057 | D:2      | Gained mutation: Your flesh is cold resistant. (rC+)
                  | [potion of mutation]
  1057 | D:2      | Slain by a gnoll

Illustrated notes

Levels and vault maps discovered:
D:1:      lordsloth_arrival_two_stooges, layout_basic
D:2:      layout_rooms, ebering_ecumenical_altar_mist, minmay_hexomino_r4

Skill      XL: |  1  2  3 |
---------------+----------+-----
Summonings     | 5 |  5.2
Fighting       | 1 |  1.1
Evocations     | 1 |  1.0
Dodging        | |  2.8
Stealth        | |  2.0
Spellcasting   | |  2.3
Conjurations   | |  0.2

Action                     || total
---------------------------++-------
  Melee: Unarmed           ||    58
         Kick              ||    26
         Peck              ||    15
         Punch             ||     1
         Mace              ||    23
   Cast: Summon Small Mamm ||     7
         Call Imp          ||     9
         Call Canine Famil ||     1
    Use: Potion            ||     2
         Scroll            ||     4
   Stab: Sleeping          ||     4
         Distracted        ||     1
 Armour: Robe              ||    56
  Dodge: Dodged            ||    92
